Map: Battle on the Boardwalk LE

Players

Juxtapose - Winner!

  • Race: Protoss Protoss
  • League: Gold
  • Spawn Location: 11:00

PAJABRAVA

  • Race: Zerg Zerg
  • League: Gold
  • Spawn Location: 1:00

VOD

https://youtu.be/SIfW0ZIkae4

Description

I'm still trying to figure out how to properly wall off on this map, as the ramp is smaller. Seeing how I messed up, I'm surprised at how I did overall.

Time

  • Played on: Dec. 3, 2017, 1:40 p.m.
  • Length: 7:59
Show
View Real Time Build Order
Export as new Build Order

Juxtapose Protoss - Winner!

Build Orders:  

Get SALT Encoding   

  12  0:05  Probe  
  13  0:17  Probe  
  13  0:21  Pylon  
  14  0:29  Probe  
  15  0:41  Probe  
  16  0:42  Gateway  
  16  0:52  Assimilator  
  16  0:53  Probe  
  17  1:05  Probe  
  18  1:12  Assimilator  
  18  1:17  Probe  
  19  1:29  Probe  
  20  1:35  Cybernetics Core  
  20  1:37  Zealot (Chrono Boost)  
  22  1:43  Probe  
  23  2:06  Pylon  
  23  2:14  Pylon  
  23  2:18  Pylon  
  23  2:27  Forge  
  23  2:31  Probe  
  22  2:40  Gateway  
  22  2:43  Probe  
  23  3:03  Photon Cannon  
  23  3:07  Photon Cannon  
  23  3:09  Photon Cannon  
  23  3:17  Gateway  
  23  3:32  Zealot (Chrono Boost)  
  22  3:52  Pylon  
  24  3:56  Zealot (Chrono Boost)  
  24  3:57  Probe  
  25  4:07  Zealot (Chrono Boost)  
  27  4:13  Warp Gate (Chrono Boost)  
  29  4:18  Shield Battery  
  29  4:19  Zealot (Chrono Boost)  
  29  4:23  Shield Battery  
  29  4:29  Zealot  
  31  4:36  Protoss Ground Weapons Level 1  
  31  4:53  Robotics Facility  
  31  4:59  Zealot  
  33  5:00  Zealot  
  35  5:19  Pylon  
  35  5:25  Gateway  
  35  5:27  Pylon  
  35  5:30  Zealot  
  38  5:52  Immortal (Chrono Boost)  
  40  6:21  Immortal (Chrono Boost)  
  40  6:23  Stalker x2  
  48  6:37  Stalker  
  50  7:00  Immortal (Chrono Boost)  
  52  7:26  Nexus  
  52  7:30  Pylon  
  50  7:40  Zealot  
Show
View Real Time Build Order
Export as new Build Order

PAJABRAVA Zerg 

Build Orders: Pool First 

Get SALT Encoding   

  12  0:19  Spawning Pool  
  11  0:22  Drone  
  11  0:27  Drone  
  13  0:31  Drone  
  14  0:40  Overlord  
  14  1:06  Zergling x6  
  17  1:14  Queen  
  19  1:19  Drone  
  19  1:23  Extractor  
  19  1:28  Drone  
  20  1:39  Drone  
  21  1:51  Drone  
  20  2:12  Zergling x2  
  21  2:27  Overlord  
  21  3:04  Zergling x6  
  21  3:05  Zergling x4  
  24  3:50  Lair  
  24  3:56  Roach Warren  
  24  4:01  Evolution Chamber  
  22  4:07  Extractor  
  22  4:09  Drone x5  
  26  4:15  Metabolic Boost  
  24  4:36  Hatchery  
  23  4:42  Roach  
  23  4:43  Roach x2  
  23  4:45  Overlord x2  
  29  4:49  Zerg Missile Weapons Level 1  
  29  5:10  Roach x3  
  35  5:23  Glial Reconstitution  
  35  5:25  Hatchery  
  34  5:34  Drone x3  
  37  5:38  Queen  
  39  6:00  Drone x5  
  44  6:08  Drone  
  45  6:17  Spire  
  44  6:27  Zergling x6  
  47  6:38  Drone x2  
  47  6:39  Drone x2  
  51  6:58  Baneling Nest, Drone x3  
  53  7:07  Roach  
  53  7:08  Roach  
  57  7:09  Overlord x2  
  40  7:33  Roach x4  
Tags
 
Add a new tag
Caveats
  • Supply blocks, unpowered buildings, or Contaminate may cause inaccurate times.
  • Supply counts are checked every 10 seconds.